 Dungeon Crawl Stone Soup version 0.26-a0-812-g31a745ddcd (webtiles) character file.

Game seed: 13316183876382856914

2634 funkygono the Destroyer (level 9, -10/67 HPs)
             Began as a Grey Draconian Conjurer on Nov 24, 2020.
             Was a Priest of Vehumet.
             Mangled by a death yak (18 damage)
             ... on level 7 of the Dungeon.
             The game lasted 00:20:47 (6223 turns).

funkygono the Destroyer (Grey Draconian Conjurer)   Turns: 6223, Time: 00:20:48

Health: -10/67     AC: 15    Str: 10    XL:     9   Next: 35%
Magic:  28/28      EV: 12    Int: 21    God:    Vehumet [***...]
Gold:   431        SH:  0    Dex: 10    Spells: 14/22 levels left

rFire    + . .     SeeInvis .   v - +2 flail (protect)
rCold    . . .     Faith    .   (no shield)
rNeg     . . .     Spirit   .   (armour unavailable)
rPois    .         Reflect  .   (helmet restricted)
rElec    .         Harm     .   p - +0 cloak {rCorr}
rCorr    +         Rampage  .   r - +1 pair of gloves
MR       .....                  (no boots)
Stlth    ++........             c - amulet of magic regeneration
HPRegen  0.21/turn              y - ring of protection from fire
MPRegen  0.46/turn              q - ring of magical power

@: no status effects
A: walk through water, unfitting armour, unbreathing, cold-blooded, AC +12
a: Renounce Religion


You were on level 7 of the Dungeon.
You worshipped Vehumet.
Vehumet was most pleased with you.
You visited 1 branch of the dungeon, and saw 8 of its levels.

You collected 431 gold pieces.

Inventory:

Hand Weapons
 b - a +3 dagger of pain
 o - a +2 quarterstaff of chaos
 v - a +2 flail of protection (weapon)
Armour
 h - a +0 cloak
 m - a +0 pair of gloves
 p - a +0 cloak of preservation (worn)
 r - a +1 pair of gloves (worn)
 t - a +2 kite shield
Jewellery
 c - an amulet of magic regeneration (around neck)
 d - an uncursed ring of flight
 q - a ring of magical power (right hand)
 s - a +6 ring of dexterity
 y - a ring of protection from fire (left hand)
 E - an uncursed ring of resist corrosion
Wands
 A - a wand of enslavement (5)
 D - a wand of acid (14)
Scrolls
 a - 2 scrolls of identify
 g - 4 scrolls of immolation
 k - 4 scrolls of teleportation
 l - a scroll of remove curse
 B - 2 scrolls of amnesia
 F - a scroll of blinking {unknown}
Potions
 e - a potion of mutation
 f - a potion of berserk rage {unknown}
 i - 4 potions of lignification
 j - 3 potions of heal wounds
 n - 2 potions of curing
 u - a potion of might {unknown}
 w - 2 potions of attraction {unknown}
 x - 2 potions of flight {unknown}
 z - a potion of haste {unknown}
 C - a potion of resistance {unknown}


   Skills:
 + Level 2.1 Fighting
 + Level 0.2 Short Blades
 + Level 3.0 Dodging
 + Level 3.4 Stealth
 + Level 7.3 Spellcasting
 + Level 9.2 Conjurations
 + Level 1.0 Translocations
 + Level 2.5 Air Magic


You had 14 spell levels left.
You knew the following spells:

 Your Spells              Type           Power        Failure   Level
a - Magic Dart            Conj           ####         1%          1
b - Searing Ray           Conj           #####.       1%          2
c - Iskenderun's Mystic   Conj/Tloc      ####....     3%          4
d - Shock                 Conj/Air       ####         1%          1

Your spell library contained the following spells:

 Spells                   Type           Power        Failure   Level
 Inner Flame              Hex/Fire       #.......     7%          3
 Dazzling Flash           Conj/Hex       ####..       1%          3
 Static Discharge         Conj/Air       ####....     1%          3
 Fulminant Prism          Conj/Hex       ####......   3%          4
 Swiftness                Air            ###.....     4%          2
 Lightning Bolt           Conj/Air       ####......   6%          5
 Airstrike                Air            ###.......   9%          4


Dungeon Overview and Level Annotations

Branches:
Dungeon (8/15)             Temple (0/1) D:4            Lair (0/6) D:8

Altars:
Cheibriados
Dithmenos
Kikubaaqudgha
Qazlal
Vehumet

Shops:
D:5 ?


Innate Abilities, Weirdness & Mutations

You can walk through water.
Your dull iron-grey scales are very hard. (AC +12)
You cannot fit into any form of body armour.
You can survive without breathing.
You are cold-blooded and may be slowed by cold attacks.


Message History

The death yak closely misses you.
The death yak snorts and paws the ground.
There is a stone staircase leading down here.
The death yak snorts and paws the ground.
There is an open door here.
There is a stone staircase leading up here.
You climb upwards.
There is a stone staircase leading down here.
Casting: Searing Ray (safe; 1% risk of failure)
Confirm with . or Enter, or press ? or * to list all spells.
Aiming: Searing Ray (safe; 1% risk of failure)
Press: ? - help, Shift-Dir - straight line, f - death yak
Aim: a death yak The searing ray hits the death yak!
The death yak is lightly wounded. (Press . to maintain the ray.)
The death yak gores you!!
* * * LOW HITPOINT WARNING * * *
The death yak gores you!!
You die...

#......##.........#.##..#.#
.>................#.##..#.#
##.....##.........#.....#.#
##.##.##.........#..##.#.#
#.##.##...............#.#
#.......)..######.......#
####.###...........######
#...........#####
##.........@# #.........Y#
#### ####...###.# ...#####
#.......# .......#
#.>.##### .#.###.# #####
.#.###.# .#..##.# .##.##.#


You could see a death yak.

Vanquished Creatures
  Maurice (D:8)
  A yak (D:8)
  A steam dragon (D:7)
  An orc warrior (D:6)
  A sky beast (D:6)
  An ice beast (D:5)
  An ogre (D:6)
  3 phantoms
  A centaur (D:7)
  2 bullfrogs
  3 scorpions (D:6)
  4 wights (D:7)
  3 hounds
  An orc priest (D:3)
  Crazy Yiuf (D:3)
  3 bullfrog skeletons
  7 orc wizards
  Terence (D:2)
  Jessica (D:3)
  4 iguanas
  2 worker ants
  A hound zombie (D:5)
  4 gnolls (D:7)
  10 adders
  A white imp (D:7)
  An ufetubus (D:8)
  An adder skeleton (D:8)
  3 worms
  A dart slug (D:1)
  5 leopard geckos
  22 orcs
  4 giant cockroaches
  3 goblins
  3 hobgoblins
  8 jackals
  7 quokkas
  7 bats
  A frilled lizard (D:4)
  7 kobolds
  A quokka skeleton (D:6)
  8 rats
141 creatures vanquished.

Notes
Turn   | Place    | Note
-------+----------+-------------------------------------------
     0 | D:1      | funkygono the Draconian Conjurer began the quest for the
                  | Orb.
     0 | D:1      | Reached XP level 1. HP: 14/14 MP: 3/3
   389 | D:1      | Reached XP level 2. HP: 20/20 MP: 1/5
   393 | D:1      | Learned a level 2 spell: Searing Ray
   907 | D:2      | Reached XP level 3. HP: 26/26 MP: 1/6
   978 | D:2      | Noticed Terence
   990 | D:2      | Found a radiant altar of Vehumet.
  1012 | D:2      | Killed Terence
  1012 | D:2      | Reached skill level 5 in Conjurations
  1012 | D:2      | Reached XP level 4. HP: 33/33 MP: 3/7
  1044 | D:2      | Became a worshipper of Vehumet
  1454 | D:2      | Learned a level 4 spell: Iskenderun's Mystic Blast
  1461 | D:3      | Noticed Jessica
  1465 | D:3      | Killed Jessica
  1662 | D:3      | Reached XP level 5. HP: 38/38 MP: 5/9
  1959 | D:3      | Found a runed translucent door.
  1960 | D:3      | Noticed Crazy Yiuf
  2077 | D:3      | Killed Crazy Yiuf
  2154 | D:3      | Reached * piety under Vehumet
  2154 | D:3      | Offered knowledge of Shock by Vehumet.
  2157 | D:3      | Learned a level 1 spell: Shock
  2385 | D:4      | Reached skill level 6 in Conjurations
  2402 | D:4      | Found a staircase to the Ecumenical Temple.
  2428 | D:4      | Found an ancient bone altar of Kikubaaqudgha.
  2455 | D:4      | Reached XP level 6. HP: 38/45 MP: 4/11
  2554 | D:4      | Found a snail-covered altar of Cheibriados.
  3068 | D:4      | Got a fabulously ornate robe
  3103 | D:5      | Entered Level 5 of the Dungeon
  3130 | D:5      | Found a shadowy altar of Dithmenos.
  3162 | D:5      | Found Jolamp's Magic Scroll Emporium.
  3342 | D:5      | Reached skill level 1 in Fighting
  3351 | D:5      | Noticed an ice beast
  3362 | D:5      | Killed an ice beast
  3362 | D:5      | Reached skill level 1 in Air Magic
  3362 | D:5      | Your scales start taking on a dull iron-grey colour.
  3362 | D:5      | Reached XP level 7. HP: 37/52 MP: 7/13
  3362 | D:5      | Gained mutation: You can survive without breathing. [Grey
                  | Draconian growth]
  3367 | D:5      | Reached ** piety under Vehumet
  3367 | D:5      | Offered knowledge of Freeze by Vehumet.
  3865 | D:6      | Reached skill level 7 in Conjurations
  4069 | D:6      | Reached skill level 5 in Spellcasting
  4145 | D:6      | Reached XP level 8. HP: 60/60 MP: 15/15
  4599 | D:7      | Found a stormy altar of Qazlal.
  4785 | D:7      | Offered knowledge of Inner Flame by Vehumet.
  4785 | D:7      | Reached skill level 8 in Conjurations
  4829 | D:7      | Reached skill level 1 in Translocations
  5333 | D:8      | Reached *** piety under Vehumet
  5342 | D:8      | Reached XP level 9. HP: 44/67 MP: 15/19
  5475 | D:8      | Found a staircase to the Lair.
  5475 | D:8      | Noticed a death yak
  5482 | D:8      | Noticed a death yak
  5483 | D:8      | Noticed a death yak
  5484 | D:8      | Noticed a death yak
  5486 | D:8      | Noticed a death yak
  5802 | D:8      | Noticed Maurice
  5810 | D:8      | Killed Maurice
  5810 | D:8      | Reached skill level 9 in Conjurations
  6223 | D:7      | Mangled by a death yak

Illustrated notes

Levels and vault maps discovered:
D:1:      scummos_arrival_hexagon, layout_rooms
D:2:      layout_basic, vehumet_crystals, uniq_terence
D:3:      layout_loops_ring, kennysheep_potato, uniq_crazy_yiuf_cottage,
          uniq_jessica
D:4:      layout_rooms, marbit_many_paths, lemuel_crystal_altar,
          minmay_temple_entry_mist, kennysheep_opposing_triangles
D:5:      layout_basic, grunt_dithmenos_smoke_and_mirrors, serial_shops,
          nicolae_shop_stone, minmay_misc_feat_cross
D:6:      layout_rooms
D:7:      layout_loops_cross, lemuel_crystal_altar
D:8:      layout_gridville, dpeg_lair_monsters, uniq_maurice

Skill      XL: |  1  2  3  4  5  6  7  8  9 |
---------------+----------------------------+-----
Stealth        | 2 3 |  3.4
Dodging        | 2 3 |  3.0
Conjurations   | 5 6 7 8 9 |  9.2
Spellcasting   | 3 4 5 6 7 |  7.3
Fighting       | 1 2 |  2.1
Air Magic      | 1 2 |  2.5
Translocations | 1 |  1.0
Short Blades   | |  0.2

Action                   |  1- 3 |  4- 6 |  7- 9 || total
-------------------------+-------+-------+-------++-------
Melee: Club              |     8 |       |       ||     8
       Unarmed           |     6 |       |       ||     6
       Dagger            |       |     3 |     2 ||     5
 Cast: Magic Dart        |    54 |    41 |    84 ||   179
       Searing Ray       |     3 |    27 |    56 ||    86
       Shock             |       |    39 |    13 ||    52
  Use: Scroll            |     2 |     4 |     5 ||    11
 Stab: Sleeping          |       |     2 |       ||     2
Armor: Skin              |    10 |    11 |    29 ||    50
Dodge: Dodged            |    18 |    20 |    29 ||    67

Table legend: (Time is in decaauts)
 A = Elapsed time spent in this place.
 B = Non-inter-level travel time spent in this place.
 C = Inter-level travel time spent in this place.
 D = Time resting spent in this place.
 E = Time spent auto-exploring this place.
 F = Levels seen in this place.
 G = Mean time per level.
                   A        B        C        D        E       F      G
               +--------+--------+--------+--------+--------+-----+--------+
         Total |   6232 |   6028 |    204 |    253 |   4636 |   8 |  779.0 |
       Dungeon |   6232 |   6028 |    204 |    253 |   4636 |   8 |  779.0 |
               +--------+--------+--------+--------+--------+-----+--------+

Top non-repeatable levels by time:
     D:7: 1046 daAuts
     D:3: 930 daAuts
     D:2: 784 daAuts
     D:4: 724 daAuts
     D:6: 723 daAuts
     D:8: 691 daAuts
     D:1: 675 daAuts
     D:5: 654 daAuts
